 Dungeon Crawl Stone Soup version 0.29.1-2-gbd0b4ee654 (webtiles) character file.

Game seed: 12442730742569189724

16 GorkyZ the Grave Robber (level 2, 19/19 HPs)
             Began as a Demonspawn Necromancer on Nov 14, 2022.
             Quit the game on level 1 of the Dungeon.
             The game lasted 00:07:08 (1116 turns).

GorkyZ the Grave Robber (Demonspawn Necromancer)    Turns: 1116, Time: 00:07:09

Health: 19/19      AC:  1    Str:  8    XL:     2   Next: 37%
Magic:  5/5        EV: 14    Int: 16    God:
Gold:   10         SH:  0    Dex: 13    Spells: 4/5 levels left

rFire   . . .      SeeInvis .   h - +0 dagger
rCold   . . .      Faith    .   (no shield)
rNeg    . . .      Spirit   .   (no body armour)
rPois   .          Reflect  .   d - +0 helmet
rElec   .          Harm     .   (no cloak)
rCorr   .          Rampage  .   (no gloves)
Will    .....                   (no boots)
Stlth   ++........              (no amulet)
HPRegen 0.06/turn               (no ring)
MPRegen 0.09/turn               (no ring)

@: no status effects
A: repulsion field 1
a: no special abilities


You were on level 1 of the Dungeon.
You visited 1 branch of the dungeon, and saw 1 of its levels.

You collected 10 gold pieces.

Inventory:

Hand Weapons
 h - a +0 dagger (weapon)
Armour
 a - a +0 robe
 d - a +0 helmet (worn)
 g - a +0 ring mail
Scrolls
 c - 2 scrolls of identify {unknown}
 f - a scroll of teleportation {unknown}
Potions
 e - a potion of mutation {unknown}


   Skills:
 + Level 1.7 Dodging
 + Level 1.9 Stealth
 + Level 2.1 Spellcasting
 + Level 4.9 Necromancy


You had 4 spell levels left.
You knew the following spells:

 Your Spells              Type           Power      Damage    Failure   Level
a - Necrotise             Necr           68%        1d7       2%          1

Your spell library contained the following spells:

 Spells                   Type           Power      Damage    Failure   Level
 Vampiric Draining        Necr           17%        2d7       8%          3
 Sandblast                Erth           2%         2d4       21%         1
 Animate Dead             Necr           17%        N/A       26%         4
 Passwall                 Tmut/Erth      0%         N/A       30%         2
 Stone Arrow              Conj/Erth      2%         3d7       52%         3
 Agony                    Necr           17%        N/A       58%         5


Dungeon Overview and Level Annotations

Branches:
Dungeon (1/15)

Altars:


Innate Abilities, Weirdness & Mutations

You are surrounded by a mild repulsion field. (EV +2)


Message History

The kobold writhes in agony.
You kill the kobold!
You hear a splash. x2
You swap places.
You enter the shallow water.
Moving in this stuff is going to be slow.
Things that are here:
a +0 short sword; 2 stones
Things that are here:
a +0 short sword; 2 stones; a kobold corpse You start resting.
Your kobold skeleton crumbles into dust!
HP restored.
A bat comes into view.
Aiming: Necrotise (safe; 2% risk of failure)
Press: ? - help, Q - select action Shift-Dir - straight line, f - bat
Aim: a bat (asleep, chance to affect: 87%)
The bat barely resists.
The bat closely misses you.
A bat is nearby!
Aiming: Necrotise (safe; 2% risk of failure)
Press: ? - help, Q - select action Shift-Dir - straight line, f/p - bat
Aim: a bat (chance to affect: 87%)
The bat barely resists.
The bat hits you.
A bat is nearby!
Aiming: Necrotise (safe; 2% risk of failure)
Press: ? - help, Q - select action Shift-Dir - straight line, f/p - bat
Aim: a bat (chance to affect: 87%)
The bat writhes in agony.
You kill the bat!
The dead are flying!
You start resting.
HP restored.
You start resting.
Your bat skeleton crumbles into dust!
Magic restored.
Found a stone staircase leading down.
Okay, then.
Are you sure you want to abandon this character and quit the game? (Confirm with "yes".)

## ######### ..
......... .# ~~P⌠⌠~.#.
.# ...P.#.###.##### .
#.~.#.......... .⌠
#.P.###.#.######
.~.####.~.....@......>
.~P..P..P.###########.
.~⌠~.~.~))#
..........########.
########.##.......#
#.# ###.##.......# #.#
#....#.......###.##
#....#............
##....#........##.#


There were no monsters in sight!

Vanquished Creatures
  2 bats (D:1)
  2 endoplasms (D:1)
  2 giant cockroaches (D:1)
  A goblin (D:1)
  A quokka (D:1)
  2 ball pythons (D:1)
  A frilled lizard (D:1)
  2 kobolds (D:1)
  2 rats (D:1)
15 creatures vanquished.

Vanquished Creatures (collateral kills)
  A ball python (D:1)
1 creature vanquished.

Grand Total: 16 creatures vanquished

Notes
Turn   | Place    | Note
-------+----------+-------------------------------------------
     0 | D:1      | GorkyZ the Demonspawn Necromancer began the quest for the
                  | Orb.
     0 | D:1      | Reached XP level 1. HP: 13/13 MP: 3/3
   576 | D:1      | Gained mutation: You are surrounded by a mild repulsion
                  | field. (EV +2) [demonic ancestry]
   576 | D:1      | Reached XP level 2. HP: 19/19 MP: 0/5
  1116 | D:1      | Quit the game

Illustrated notes

Levels and vault maps discovered:
D:1:      erik_arrival_blinker_ship, layout_basic,
          shapermc_ecumenical_altar_acropolis, roderic_roman_lattice

Action                   || total
-------------------------++-------
Melee: Unarmed           ||    15
       Dagger            ||     2
 Cast: Necrotise         ||    26
  Use: Potion            ||     1
 Stab: Sleeping          ||     1
Armor: Robe              ||     4
Dodge: Dodged            ||    24
